 Dungeon Crawl Stone Soup version 0.16.2-12-gd0ad4c3 (webtiles) character file.

428 Iskender the Poker (level 6, 0/33 HPs)
             Began as a Gargoyle Chaos Knight on Dec 22, 2015.
             Slain by an iguana (10 damage)
             ... in a sewer.
             The game lasted 00:27:28 (4292 turns).

Iskender the Poker (Gargoyle Chaos Knight)          Turns: 4292, Time: 00:27:28

Health: 0/33       AC: 10    Str: 14 (15) XL:     6   Next: 98%
Magic:  6/6        EV: 16    Int: 12 (13) God:    Xom [*.....]
Gold:   551        SH:  0    Dex: 16      Spells: 0 memorised, 5 levels left

rFire  . . .     SeeInvis .     a - +0 trident
rCold  . . .     Clarity  .     b - +2 leather armour
rNeg   + . .     SustAb   .     (no shield)
rPois  ∞         Gourm    .     (no helmet)
rElec  +         Spirit   .     (no cloak)
rCorr  .         Warding  .     (no gloves)
rMut   .         Stasis   .     u - +0 pair of boots
MR     .....                    (no amulet)
Stlth  ++........               (no ring)
                                (no ring)

@: agile, not resistant to hostile enchantments, unstealthy
A: deterioration 1, frail 1, negative energy resistance 1, electricity
resistance, unbreathing, petrification resistance, rot immunity, AC +4
a: Renounce Religion


You were in a sewer.
You worshipped Xom.
You were a special plaything of Xom.
You were not hungry.

You visited 1 branch of the dungeon, and saw 4 of its levels.
You also visited: Sewer.

You collected 551 gold pieces.

Inventory:

Hand weapons
 a - a +0 trident (weapon)
 e - a +0 mace
 x - a +0 hunting sling
 A - a +0 spear of chaos
Missiles
 d - 2 throwing nets
 h - 10 sling bullets of flame
 k - 3 tomahawks of returning
 p - 220 stones (quivered)
 q - 15 arrows
 w - 8 curare-tipped needles
 y - 19 poisoned needles
 B - 35 sling bullets
 D - 3 javelins
Armour
 b - a +2 leather armour (worn)
 u - a +0 pair of boots (worn)
 C - a +0 pair of gloves
Scrolls
 g - 3 scrolls of teleportation
 i - 3 scrolls of fog {unknown}
 l - a scroll of enchant weapon
 n - 2 scrolls of remove curse
Potions
 m - a potion of ambrosia
 o - a potion of restore abilities {unknown}
 r - 2 potions of brilliance
 t - 2 potions of heal wounds {unknown}
 v - a potion of might {unknown}
 z - 2 potions of curing
 F - a potion of haste {unknown}
Comestibles
 c - 6 bread rations
 f - 3 fruits
 s - a meat ration


   Skills:
 - Level 3.2 Fighting
 + Level 6.9 Polearms
 - Level 2.1 Armour
 - Level 0.7 Dodging


You had 5 spell levels left.
You didn't know any spells.

Dungeon Overview and Level Annotations

Branches:
Dungeon (4/15)
 Temple: D:4-7

Altars:
Gozag
Qazlal


Innate Abilities, Weirdness & Mutations

You are resistant to torment.
You are immune to poison.
Your stone body is very resilient (AC +4).
You resist negative energy.
You are resistant to electric shocks.
You can survive without breathing.
You are immune to petrification.
You are immune to rotting.
Your body is slowly deteriorating.
You are frail (-10% HP).


Message History

The iguana barely misses you.
You hit the iguana but do no damage.
The iguana is heavily wounded.
The iguana closely misses you.
You hit the iguana but do no damage.
The iguana is heavily wounded.
The iguana bites you but does no damage.
You barely miss the iguana.
The iguana is heavily wounded.
The iguana bites you but does no damage.
You hit the iguana.
The iguana is severely wounded.
The iguana closely misses you.
You hit the iguana.
The iguana is almost dead.
The iguana bites you!
You barely miss the iguana.
The iguana is almost dead.
The iguana bites you!
You die...

#.....################
##....#### #.....'..#
#....##..# #....#####
#.....# ##....##
#...l.################
#....@..≈≈≈≈≈≈.≈≈≈≈≈≈≈
##...÷÷≈≈≈≈≈≈≈≈≈≈≈≈≈≈≈
#.....≈≈≈≈≈÷...≈≈≈≈≈≈
##.....≈≈≈≈≈≈.≈≈≈≈≈≈≈
##...≈≈≈≈≈≈.≈.≈≈≈≈≈≈
###..≈≈≈≈≈≈≈≈≈≈≈≈≈≈
#################


You could see an iguana.

Vanquished Creatures
  A giant frog (Sewer)
  A hound (D:2)
  A worker ant (D:3)
  An orc wizard (D:4)
  11 adders
  A giant mite (D:4)
  3 river rats
  4 worms
  An adder skeleton (D:4)
  5 giant geckos
  An ooze (Sewer)
  11 orcs
  A bat zombie (D:3)
  7 giant cockroaches
  2 hobgoblins (D:1)
  6 jackals
  10 kobolds
  2 quokkas (D:3)
  11 ball pythons
  6 bats
  A giant gecko skeleton (D:4)
  8 giant newts
  9 goblins
  32 rats
136 creatures vanquished.

Vanquished Creatures (others)
  A crimson imp (D:3)
1 creature vanquished.

Grand Total: 137 creatures vanquished

Notes
Turn   | Place    | Note
--------------------------------------------------------------
     0 | D:1      | Iskender, the Gargoyle Chaos Knight, began the quest for the Orb.
     0 | D:1      | Reached XP level 1. HP: 14/14 MP: 1/1
   139 | D:1      | XOM: silly message
   350 | D:1      | XOM: summons 4 hostile shadow creatures
   514 | D:1      | XOM: colour smoke trail
   659 | D:1      | XOM: god gift: 420 gold pieces
   746 | D:1      | XOM: enchant monster (bad)
   747 | D:1      | XOM: confuse monster(s)
   787 | D:1      | Reached XP level 2. HP: 19/19 MP: 2/2
  1307 | D:2      | Reached XP level 3. HP: 23/23 MP: 3/3
  1393 | D:2      | XOM: harmless Summ miscast
  1395 | D:2      | Reached skill level 4 in Polearms
  1596 | D:2      | XOM: harmless Erth miscast
  1832 | D:2      | Reached XP level 4. HP: 28/28 MP: 4/4
  2021 | D:2      | XOM: silly message
  2518 | D:3      | XOM: enchant monster (good)
  2524 | D:3      | Reached skill level 5 in Polearms
  2524 | D:3      | Reached XP level 5. HP: 32/32 MP: 5/5
  2723 | D:3      | Found a stormy altar of Qazlal.
  2793 | D:3      | XOM: medium Conj miscast
  2903 | D:2      | Found an opulent altar of Gozag.
  3184 | D:3      | XOM: give mutations
  3184 | D:3      | Gained mutation: You are weak. (Str -2) [Xom's mischief]
  3184 | D:3      | Gained mutation: Your body is slowly deteriorating. [Xom's mischief]
  3184 | D:3      | Gained mutation: You are frail (-10% HP). [Xom's mischief]
  3184 | D:3      | Lost mutation: You are weak. (Str -2) [Xom's mischief]
  3201 | D:4      | Noticed an ogre
  3205 | D:3      | XOM: summons friendly crimson imp
  3212 | D:3      | XOM: fog
  3378 | D:4      | Reached XP level 6. HP: 33/33 MP: 6/6
  3410 | D:4      | Reached skill level 6 in Polearms
  3474 | D:4      | Found a glowing drain.
  3478 | Sewer    | Entered a sewer
  3583 | Sewer    | XOM: polymorph ball python -> goblin
  4131 | Sewer    | XOM: colour smoke trail
  4212 | Sewer    | XOM: smoke on damage
  4260 | Sewer    | XOM: polymorph giant frog -> iguana
  4265 | Sewer    | XOM: god gift: 34 gold pieces
  4292 | Sewer    | Slain by an iguana

Action                   |  1- 3 |  4- 6 || total
-------------------------+-------+-------++-------
Melee: Spear             |   131 |   297 ||   428
       Trident           |       |   154 ||   154
Throw: Stone             |     1 |    36 ||    37
       Throwing net      |     1 |       ||     1
       Tomahawk          |       |     1 ||     1
  Use: Scroll            |       |     7 ||     7
       Potion            |       |     7 ||     7
 Stab: Petrified         |     2 |     1 ||     3
       Petrifying        |     1 |       ||     1
       Paralysed         |       |     3 ||     3
  Eat: Chunk             |     3 |     4 ||     7
       Bread ration      |       |     1 ||     1
